 Dungeon Crawl Stone Soup version 0.22-a0-300-g82e80c5 (webtiles) character file.

0 MatthieuS the Chiller (level 1, 0/13 HPs)
             Began as a Human Wanderer on Mar 25, 2018.
             Killed from afar by a dart slug (6 damage)
             ... with a slug dart
             ... on level 1 of the Dungeon.
             The game lasted 00:00:41 (184 turns).

MatthieuS the Chiller (Human Wanderer)               Turns: 184, Time: 00:00:42

Health: 0/13       AC:  3    Str: 13    XL:     1   Next: 11%
Magic:  1/1        EV: 10    Int: 11    God:
Gold:   0          SH:  0    Dex: 12    Spells: 0/0 levels left

rFire    . . .     SeeInvis .   f - +0 club
rCold    . . .     Gourm    .   (no shield)
rNeg     . . .     Faith    .   c - +0 leather armour
rPois    .         Spirit   .   (no helmet)
rElec    .         Reflect  .   (no cloak)
rCorr    .         Harm     .   (no gloves)
MR       .....                  (no boots)
Stlth    +.........             (no amulet)
HPRegen  0.04/turn              (no ring)
MPRegen  0.07/turn              (no ring)

@: no status effects
A: no striking features
a: no special abilities


You were on level 1 of the Dungeon.
You were not hungry.

You visited 1 branch of the dungeon, and saw 1 of its levels.

Inventory:

Hand Weapons
 f - a +0 club (weapon)
Missiles
 a - 26 stones (quivered)
Armour
 c - a +0 leather armour (worn)
   (You found it on level 1 of the Dungeon)
 d - a +0 robe
Comestibles
 b - a chunk of flesh
 e - a ration


   Skills:
 + Level 0.1 Fighting
 - Level 1.0 Throwing
   Level 1.0 Shields
 + Level 0.0 Spellcasting
   Level 3.0 Fire Magic
   Level 3.0 Ice Magic
   Level 2.0 Poison Magic


You couldn't memorise any spells.
You didn't know any spells.

Dungeon Overview and Level Annotations

Branches:
Dungeon (1/15)

Altars:


Message History

a - 26 stones
There is an open door here.
There is an open door here.
There is an open door here.
There is an open door here.
You open the door.
A goblin comes into view.
The goblin shouts!
Throwing (i - inventory)
a - 26 stones (quivered)
Aim: a goblin You throw a stone.
The stone closely misses the goblin.
Throwing (i - inventory)
a - 25 stones (quivered)
Aim: a goblin You throw a stone.
The stone hits the goblin.
The goblin closely misses you.
You barely miss the goblin. The goblin barely misses you.
You hit the goblin.
You kill the goblin!
There is an open door here.
You see here a goblin corpse.
You butcher the goblin corpse.
b - a chunk of flesh
There is an open door here.
a - 26 stones (gained 2)
You start waiting.
Done waiting.
Found a leather armour.
You see here a leather armour.
c - a leather armour Wear which item? (? for menu, Esc to quit)
You start removing your armour.
You continue taking off your +0 robe. x4
You finish taking off your +0 robe.
You start putting on your armour.
You continue putting on your leather armour. x5
You finish putting on your +0 leather armour.
Found 25 stones.
A frilled lizard comes into view.
A dart slug comes into view.
You barely miss the frilled lizard. The frilled lizard bites you.
The frilled lizard bites you but does no damage.
You miss the frilled lizard.
The frilled lizard bites you but does no damage.
You closely miss the frilled lizard. The frilled lizard bites you.
The dart slug launches a dart at you. The slug dart hits you!
Your leather armour prevents you from hitting the frilled lizard.
The frilled lizard bites you.
* * * LOW HITPOINT WARNING * * *
The dart slug launches a dart at you. The slug dart hits you!
You die...

#..# #..# #.(#
#.w# #..# #..#
#..#####.#.
#..@l......
##.#####.##.
#####.#.###
#....####.##
#.###.##...##
#.# ###.....###
#.###'.......'##
#.##.##.....##.#
#.###.##...##.##


You could see a dart slug and a frilled lizard.

Vanquished Creatures
  A goblin (D:1)
1 creature vanquished.

Notes
Turn   | Place    | Note
-------+----------+-------------------------------------------
     0 | D:1      | MatthieuS the Human Wanderer began the quest for the Orb.
     0 | D:1      | MatthieuS set off with: a +0 robe, a ration, a +0 club
     0 | D:1      | Reached XP level 1. HP: 13/13 MP: 1/1
   184 | D:1      | Killed from afar by a dart slug

Vault maps used:
D:1:      dpeg_arrival_rhombi

Action                   || total
-------------------------++-------
Melee: Club              ||     6
Throw: Stone             ||     2
Armor: Leather armour    ||     2
Dodge: Dodged            ||     2

Table legend:
 A = Spawn XP
 B = Non-spawn XP
 C = Spawn XP percentage of total XP
 D = Spawn monster count
 E = Non-spawn monster count
 F = Spawn count percentage of total count
 G = Total turns spent on level
                    A         B        C        D         E        F      G
               +---------+---------+-------+---------+---------+-------+---------
         Total |       0 |       1 |   0.0 |       0 |       1 |   0.0 |   184
               +---------+---------+-------+---------+---------+-------+---------
           D:1 |       0 |       1 |   0.0 |       0 |       1 |   0.0 |   184
               +---------+---------+-------+---------+---------+-------+---------
